AoeStats
← VakorTV

QS Arena

503213341Analyzed
4v4 RM · 1mo ago on Aug 30, 2026· 50m 42s· 8 players
Game mode
Random Map
Map size
Large (8 player)
Population
200
Speed
Normal
Resources
Standard
Victory
Conquest
Starting age
Dark Age
Ending age
Imperial Age
RankedLock teamsTeams togetherTeam positionsShared explorationLock speedFull tech treeHidden civsTurbo modeCheats
Victory
Defeat
🇨🇿 Malay · Czechia
1253
+13
🇨🇭 Aztecs · Switzerland
1247
+13
🇨🇦 Mongols · Canada
1219
+15
🇫🇷 Portuguese · France
1175
+17
🇵🇰 Persians · Pakistan
1268
-18
🇰🇷 Vikings · South Korea
1233
-16
🇵🇰 Poles · Pakistan
1169
-14
🇮🇳 Japanese · India
1090
-10
VakorTV
8:38 Feudal Age
12:44 Castle Age
10:51 Double-Bit Axe
12:26 Horse Collar
12:34 Loom
13:25 Wheelbarrow
13:54 Bow Saw
15:56 Heavy Plow
19:57 Stone Mining
20:03 Gold Mining
21:34 Stone Shaft Mining
24:02 Hand Cart
23:32 Town Watch
27:47 Imperial Age
25:59 Ballistics
25:52 Masonry
25:22 Treadmill Crane
28:55 Arquebus
28:16 Elite Organ Gun
29:16 Conscription
29:06 Siege Engineers
30:03 Chemistry
30:22 Fletching
32:15 Bodkin Arrow
33:43 Bracer
33:43 Padded Archer Armor
33:45 Scale Mail Armor
36:31 Chain Mail Armor
35:43 Pikeman
37:35 Plate Mail Armor
37:16 Forging
36:29 Halberdier
36:54 Arson
39:58 Iron Casting
41:24 Blast Furnace
44:54 Architecture
Luslec
7:52 Feudal Age
10:16 Loom
12:58 Castle Age
11:05 Double-Bit Axe
11:33 Horse Collar
13:12 Gold Mining
16:12 Gold Shaft Mining
16:29 Fervor
18:07 Sanctity
19:10 Bow Saw
20:35 Redemption
21:47 Wheelbarrow
21:58 Town Watch
23:31 Hand Cart
23:38 Heavy Plow
24:00 Squires
24:21 Atonement
25:31 Pikeman
26:12 Scale Mail Armor
28:14 Devotion
28:10 Herbal Medicine
28:35 Heresy
28:36 Fortified Wall
28:07 Treadmill Crane
28:59 Elite Skirmisher
29:41 Padded Archer Armor
29:31 Fletching
31:27 Leather Archer Armor
31:07 Bodkin Arrow
31:39 Ballistics
35:30 Imperial Age
35:56 Stone Mining
36:14 Town Patrol
36:06 Eagle Warrior
37:06 Chain Mail Armor
38:05 Chemistry
37:35 Illumination
37:27 Block Printing
37:33 Atlatl
37:55 Conscription
37:43 Bracer
39:20 Theocracy
41:18 Forging
41:41 Garland Wars
40:47 Elite Jaguar Warrior
43:37 Stone Shaft Mining
43:51 Plate Mail Armor
43:56 Iron Casting
43:32 Siege Engineers
43:08 Treadmill Crane
43:25 Murder Holes
46:12 Crop Rotation
45:53 Capped Ram
47:35 Faith
49:19 Blast Furnace
Schvank
7:31 Feudal Age
11:18 Castle Age
10:29 Double-Bit Axe
18:46 Bow Saw
18:58 Loom
19:54 Wheelbarrow
21:01 Horse Collar
21:56 Hand Cart
23:32 Heavy Plow
25:38 Scale Barding Armor
25:50 Gold Mining
28:33 Imperial Age
27:30 Chain Barding Armor
27:21 Forging
27:22 Bloodlines
27:13 Husbandry
29:18 Iron Casting
28:42 Heavy Camel Rider
31:52 Blast Furnace
30:16 Elite Steppe Lancer
32:28 Gold Shaft Mining
31:44 Stone Mining
33:08 Conscription
33:09 Drill
33:33 Stone Shaft Mining
38:07 Coinage
37:15 Light Cavalry
39:20 Banking
38:38 Capped Ram
40:09 Siege Ram
40:34 Light Cavalry
Peto9
6:14 Loom
8:00 Feudal Age
7:42 Double-Bit Axe
7:39 Horse Collar
11:47 Wheelbarrow
13:01 Gold Mining
16:13 Castle Age
14:43 Loom
21:10 Imperial Age
19:21 Bow Saw
19:38 Heavy Plow
20:03 Fletching
24:44 Bodkin Arrow
38:21 Hand Cart
41:34 Squires
41:19 Arson
41:03 Man-at-Arms
41:29 Arson
42:08 Town Watch
42:00 Long Swordsman
43:25 Forced Levy
44:05 Forging
44:22 Conscription
43:39 Two-Handed Swordsman
48:08 Siege Engineers
48:13 Masonry
47:44 Treadmill Crane
48:52 Pikeman
49:33 Halberdier
51:56 Iron Casting
Out Of Res Once Again
2:46 Loom
8:39 Feudal Age
14:11 Castle Age
13:08 Double-Bit Axe
13:05 Horse Collar
13:19 Gold Mining
14:49 Wheelbarrow
14:49 Scale Barding Armor
17:37 Szlachta Privileges
18:51 Bloodlines
19:09 Husbandry
19:37 Forging
23:24 Chain Barding Armor
29:10 Imperial Age
29:31 Cavalier
34:24 Iron Casting
34:18 Devotion
34:35 Light Cavalry
36:40 Winged Hussar
39:20 Conscription
40:50 Bow Saw
40:42 Heavy Plow
43:31 Blast Furnace
44:41 Lechitic Legacy
The Jinn
9:47 Feudal Age
11:13 Double-Bit Axe
14:43 Castle Age
14:15 Stone Mining
14:15 Gold Mining
14:23 Gold Mining
14:36 Scale Mail Armor
18:19 Loom
30:55 Chain Mail Armor
30:50 Forging
31:58 Wheelbarrow
34:31 Imperial Age
32:59 Forging
33:35 Hand Cart
34:05 Yasama
34:46 Ballistics
34:07 Treadmill Crane
36:11 Plate Mail Armor
36:17 Iron Casting
36:12 Conscription
37:36 Chemistry
37:58 Iron Casting
37:38 Murder Holes
39:05 Pikeman
39:30 Arson
39:46 Squires
39:54 Squires
39:43 Arson
40:24 Arrowslits
40:55 Masonry
40:10 Halberdier
41:19 Parthian Tactics
40:49 Fletching
40:59 Padded Archer Armor
42:02 Blast Furnace
48:15 Bow Saw
Zuku
8:09 Feudal Age
9:27 Loom
12:08 Castle Age
11:00 Double-Bit Axe
11:03 Horse Collar
18:44 Wheelbarrow
18:59 Bow Saw
20:16 Heavy Plow
20:10 Gold Mining
20:57 Stone Mining
22:09 Hand Cart
23:46 Forging
27:20 Imperial Age
25:18 Scale Barding Armor
25:49 Iron Casting
25:59 Gold Shaft Mining
26:20 Chain Barding Armor
26:18 Masonry
27:44 Bloodlines
27:35 Husbandry
27:03 Cavalier
28:52 Blast Furnace
28:29 Plate Barding Armor
28:41 Conscription
28:53 Savar
30:45 Crop Rotation
30:44 Guilds
31:48 Two-Man Saw
31:15 Town Watch
32:00 Town Patrol
32:30 Ballistics
32:42 Architecture
33:48 Citadels
33:44 Fletching
33:51 Murder Holes
35:02 Chemistry
35:54 Stone Shaft Mining
36:24 Hoardings
37:02 Coinage
36:51 Bodkin Arrow
37:51 Kamandaran
37:43 Heavy Camel Rider
38:35 Padded Archer Armor
39:29 Banking
39:16 Devotion
40:01 Leather Archer Armor
39:54 Thumb Ring
39:09 Crossbowman
40:22 Parthian Tactics
40:57 Faith
40:35 Light Cavalry
44:25 Elite War Elephant
46:02 Ring Archer Armor
PAWA
2:52 Loom
7:25 Feudal Age
13:56 Castle Age
12:16 Double-Bit Axe
12:24 Horse Collar
24:09 Imperial Age
21:35 Fletching
21:46 Padded Archer Armor
22:00 Gold Mining
22:48 Ballistics
22:12 Crossbowman
23:17 Bow Saw
23:20 Bodkin Arrow
24:14 Padded Archer Armor
24:14 Arbalester
26:02 Chemistry
25:49 Heavy Plow
26:38 Gold Shaft Mining
26:13 Bracer
27:32 Bogsveigar
28:36 Capped Ram
29:50 Leather Archer Armor
32:13 Ring Archer Armor
33:57 Siege Ram
36:15 Coinage
47:47 Two-Man Saw
47:21 Crop Rotation
47:33 Fortified Wall
47:30 Siege Engineers
Connection lost

Rejoining the realm…

Still unreachable

The connection could not be restored.

Session expired

The server has moved on; the page needs a fresh start.